 Dungeon Crawl Stone Soup version 0.25-a0-36-g303dd5b1f4 (webtiles) character file.

Game seed: 8047351640338184896, levelgen mode: deterministic

22 Johnny the Digger (level 2, 0/20 HPs)
             Began as a Demigod Earth Elementalist on Oct 20, 2019.
             Slain by a gnoll
             ... wielding a cursed +0 whip
              (5 damage)
             ... on level 1 of the Dungeon.
             The game lasted 00:00:59 (2053 turns).

Johnny the Digger (Demigod Earth Elementalist)      Turns: 2053, Time: 00:00:59

Health: 0/20       AC:  2    Str: 11    XL:     2   Next: 51%
Magic:  4/7        EV: 13    Int: 19    God:
Gold:   75         SH:  0    Dex: 16    Spells: 4/5 levels left

rFire    . . .     SeeInvis .   g - +0 short sword
rCold    . . .     Gourm    .   (no shield)
rNeg     . . .     Faith    .   c - +0 robe
rPois    .         Spirit   .   (no helmet)
rElec    .         Reflect  .   (no cloak)
rCorr    .         Harm     .   (no gloves)
MR       .....                  (no boots)
Stlth    ++........             (no amulet)
HPRegen  0.06/turn              (no ring)
MPRegen  0.10/turn              (no ring)

@: no status effects
A: high mp 1
a: no special abilities


You were on level 1 of the Dungeon.
You were not hungry.

You visited 1 branch of the dungeon, and saw 2 of its levels.

You collected 75 gold pieces.

Inventory:

Hand Weapons
 g - a +0 short sword (weapon)
Missiles
 b - 18 stones (quivered)
Armour
 c - a +0 robe (worn)
Scrolls
 a - a scroll of enchant weapon {unknown}
Potions
 e - a potion of lignification {unknown}
 f - a potion of invisibility {unknown}
Comestibles
 d - 3 rations


   Skills:
 + Level 2.1 Dodging
 - Level 1.7 Stealth
 + Level 2.0 Spellcasting
   Level 0.8 Transmutations
 * Level 3.2 Earth Magic


You had 4 spell levels left.
You knew the following spells:

 Your Spells              Type           Power        Failure   Level  Hunger
a - Sandblast             Erth           ##....       4%          1    #......

Your spell library contained the following spells:

 Spells                   Type           Power        Failure   Level  Hunger
 Passwall                 Tmut/Erth      #.......     11%         2    ###....
 Stone Arrow              Conj/Erth      #.....       26%         3    ###....
 Petrify                  Tmut/Erth      #.......     58%         4    #####..
 Lee's Rapid Deconstruct  Erth           ##........   77%         5    ######.


Dungeon Overview and Level Annotations

Branches:
Dungeon (2/15)


Innate Abilities, Weirdness & Mutations

You have an increased reservoir of magic. (+10% MP)


Message History

* * * LOW HITPOINT WARNING * * *
The rat misses you.
Casting: Sandblast (safe; 4% risk of failure)
Confirm with . or Enter, or press ? or * to list all spells.
Aiming: Sandblast (safe; 4% risk of failure)
Press: ? - help, Shift-Dir - straight line, f/p - gnoll
Aim: a gnoll, wielding a +0 whip (severely wounded)
The blast of sand hits the gnoll.
The gnoll is severely wounded.
b - 19 stones The gnoll barely misses you.
The rat barely misses you.
Casting: Sandblast (safe; 4% risk of failure)
Confirm with . or Enter, or press ? or * to list all spells.
Aiming: Sandblast (safe; 4% risk of failure)
Press: ? - help, Shift-Dir - straight line, f/p - gnoll
Aim: a gnoll, wielding a +0 whip (severely wounded)
The blast of sand misses the gnoll.
b - 18 stones The gnoll hits you with a cursed +0 whip.
You die...

#### #... ###### #... #....#
#... #....# #...
#####....################...
#........##@g...............
#.##.....###r...#####.###...
#.##.....###.....# #..##...
#.##.......'.....####..#####
##.###....###.....#......####
#.................##.#.#.#...
############.....)...#.#.#...
#.....#####.#..... #.....#
#.#..###


You could see a gnoll and a rat.

Vanquished Creatures
  A dart slug (D:1)
  2 leopard geckos (D:1)
  5 bats (D:1)
  2 giant cockroaches (D:1)
  4 kobolds (D:1)
  A frilled lizard (D:1)
  4 rats (D:1)
19 creatures vanquished.

Notes
Turn   | Place    | Note
-------+----------+-------------------------------------------
     0 | D:1      | Johnny the Demigod Earth Elementalist began the quest for
                  | the Orb.
     0 | D:1      | Reached XP level 1. HP: 14/14 MP: 5/5
   446 | D:1      | Reached skill level 3 in Earth Magic
   920 | D:1      | Reached XP level 2. HP: 16/20 MP: 7/7
  2053 | D:1      | Slain by a gnoll

Levels and vault maps discovered:
D:1:      giann_wishing_wells, layout_basic
D:2:      layout_rooms, zin_scriptorium, nicolae_ashenzari_panopticon,
          minitemple

Skill      XL: |  1  2 |
---------------+-------+-----
Earth Magic    | 3 |  3.2
Dodging        | 2 |  2.1
Spellcasting   | 2 |  2.0
Stealth        | |  1.7
Transmutations | |  0.8

Action                   || total
-------------------------++-------
Melee: Unarmed           ||   108
 Cast: Sandblast         ||    23
 Stab: Sleeping          ||     7
  Eat: Ration            ||     1
       Chunk             ||     1
Armor: Robe              ||    33
Dodge: Dodged            ||   128

Table legend:
 A = Non-vault XP
 B = Vault XP
 C = Vault XP percentage of total XP
 D = Non-vault monster count
 E = Vault monster count
 F = Vault count percentage of total count
                 A         B        C        D         E       F
            +---------+---------+-------+---------+---------+-------
      Total |      32 |       0 |   0.0 |      19 |       0 |   0.0
            +---------+---------+-------+---------+---------+-------
        D:1 |      32 |       0 |   0.0 |      19 |       0 |   0.0
            +---------+---------+-------+---------+---------+-------
